 Dungeon Crawl Stone Soup version 0.25-a0-780-g622e69b31f (webtiles) character file.

Game seed: 14782205431167431824, levelgen mode: classic

1091 Amnesiac the Chiller (level 8, -1/93 HPs)
             Began as a Vampire Ice Elementalist on Apr 14, 2020.
             Was an Initiate of Gozag.
             Slain by a killer bee (3 damage)
             ... on level 7 of the Dungeon.
             The game lasted 00:08:34 (2110 turns).

Amnesiac the Chiller (Vampire Ice Elementalist)     Turns: 2110, Time: 00:08:35

Health: -1/93      AC: 24    Str:  7    XL:     8   Next: 9%
Magic:  1/12       EV:  2    Int: 19    God:    Gozag
Gold:   119        SH:  0    Dex: 15    Spells: 2/13 levels left

rFire    . . .     SeeInvis +   f - +0 rapier
rCold    . . .     Gourm    .   (no shield)
rNeg     + + +     Faith    .   (armour currently unavailable)
rPois    +         Spirit   .   (helmet currently unavailable)
rElec    .         Reflect  .   (cloak currently unavailable)
rCorr    .         Harm     .   (gloves currently unavailable)
MR       .....     NoTele   +   (boots currently unavailable)
Stlth    +++.......             (no amulet)
HPRegen  0.45/turn              (no ring)
MPRegen  0.13/turn              (no ring)

@: mighty, lethally poisoned (-1 -> -2), tree-form, regenerating quickly
A: no food, see invisible, robust 2, evolution 1, MP-powered wands
a: Exsanguinate, Potion Petition, Call Merchant, Bribe Branch, Renounce Religion


You were on level 7 of the Dungeon.
You worshipped Gozag.
Gozag was aware of your devotion.
You were alive.
You were a tree.
You visited 1 branch of the dungeon, and saw 6 of its levels.
You also visited: Sewer.

You collected 199 gold pieces.
You paid 80 gold pieces to Gozag.

Inventory:

Hand Weapons
 f - a +0 rapier (weapon)
 k - a +0 arbalest
Missiles
 d - 10 poisoned darts (quivered)
 m - 2 datura-tipped darts
Armour
 l - the cursed +0 robe of Unambiguity (melded) {+Inv rC- Slay+3}
   (You found it in a sewer)

   It affects your accuracy and damage with ranged weapons and melee attacks
   (+3).
   It makes you vulnerable to cold.
   It lets you turn invisible.
   It has a curse placed upon it.
 n - a +1 leather armour of poison resistance
Wands
 e - a wand of flame (14)
Scrolls
 c - a scroll of remove curse {!r, unknown}
Potions
 a - a potion of might {!q}
 b - a potion of brilliance {!q}


   Skills:
 * Level 4.3 Short Blades
 - Level 2.1 Dodging
 + Level 4.2 Stealth
 - Level 3.1 Spellcasting
 + Level 6.0 Ice Magic
 - Level 5.7 Evocations


You had 2 spell levels left.
You knew the following spells:

 Your Spells              Type           Power        Failure   Level  Hunger
a - Freeze                Ice            ####         1%          1    N/A
b - Frozen Ramparts       Ice            ####..       3%          3    N/A
c - Summon Ice Beast      Ice/Summ       ##......     41%         4    N/A
z - Ozocubu's Armour      Chrm/Ice       ##......     13%         3    N/A

Your spell library contained the following spells:

 Spells                   Type           Power        Failure   Level  Hunger
 Hailstorm                Conj/Ice       ##......     41%         4    N/A

Dungeon Overview and Level Annotations

Branches:
Dungeon (5/15)              Sewer (visited)
 Temple: D:4-7

Altars:
Cheibriados
Gozag
Hepliaklqana
Xom


Innate Abilities, Weirdness & Mutations

You do not eat.
Your natural rate of healing is unusually fast.
((You have razor-sharp teeth.))
You have supernaturally acute eyesight. (SInv)
((You can survive without breathing.))
You are very robust. (+20% HP)
You evolve.
You expend magic power (3 MP) to strengthen your wands.


Message History

The killer bee barely misses you.
A killer bee comes into view.
The wall freezes the killer bee.
The killer bee stings you!
* * * LOW HITPOINT WARNING * * *
Really quaff
g - a potion of curing {!q}?
You feel better.
The wall freezes the killer bee.
The killer bee stings you.
* * * LOW HITPOINT WARNING * * *
You are poisoned.
The killer bee poisons you!
The wall freezes the killer bee. x2
You feel sick.
The wall freezes the killer bee but do no damage.
The wall freezes the killer bee.
Really quaff
h - a sedimented yellow potion {!q}?
It was a potion of lignification {!q}.
You turn into a tree.
Your roots penetrate the ground.
You feel sick.
The wall freezes the killer bee but do no damage.
The wall freezes the killer bee.
The killer bee stings you but does no damage.
The wall freezes the killer bee.
Casting: Freeze (safe; 1% risk of failure)
Confirm with . or Enter, or press ? or * to list all spells.
Aiming: Freeze (safe; 1% risk of failure)
Press: ? - help, Shift-Dir - straight line, f - killer bee
Aim: a killer bee (moderately wounded)
You freeze the killer bee!
The killer bee is severely wounded.
You feel sick.
The wall freezes the killer bee.
The killer bee stings you but does no damage.
The wall freezes the killer bee.
You kill the killer bee!
Your Stealth skill increases to level 4!
The wall freezes the killer bee.
The killer bee stings you but does no damage.
Casting: Freeze (safe; 1% risk of failure)
Confirm with . or Enter, or press ? or * to list all spells.
Aiming: Freeze (safe; 1% risk of failure)
Press: ? - help, Shift-Dir - straight line, f/p - killer bee
Aim: a killer bee (almost dead)
You freeze the killer bee.
You kill the killer bee!
Your Ice Magic skill increases to level 6!
You start resting.
You feel sick.
The frozen ramparts melt away.
You feel sick.
You start resting.
A killer bee comes into view.
A killer bee is nearby!
Casting: Freeze (safe; 1% risk of failure)
Confirm with . or Enter, or press ? or * to list all spells.
You don't have enough magic to cast that spell.
You hit the killer bee but do no damage.
You feel sick.
The killer bee stings you but does no damage.
A killer bee comes into view.
The killer bee stings you but does no damage.
Really quaff
a - 2 potions of might {!q}?
You feel very mighty all of a sudden.
The killer bee stings you but does no damage. x2
You miss the killer bee.
The killer bee buzzes angrily.
The killer bee stings you.
* * * LOW HITPOINT WARNING * * *
The killer bee stings you.
You die...
Your body crumbles into a pile of gold.

## #> #. #.
#.##### #yy♣..#
#####.#
#######.#
#.....#.####
#..........#
#.....##.......
#.....+ ....###
#.....# .......
#.....# ...####


You could see 2 killer bees.

Vanquished Creatures
  Pikel (D:5)
  3 slaves (D:5)
  A centaur (D:5)
  A crocodile (Sewer)
  3 killer bees (D:7)
  2 orc wizards (D:4)
  Ijyb (D:5)
  2 iguanas
  4 worker ants (D:4)
  A hound skeleton (D:4)
  3 adders (D:4)
  An ooze (D:1)
  2 worms (D:4)
  3 dart slugs
  6 leopard geckos
  3 orcs (D:4)
  3 bats
  7 giant cockroaches
  3 goblins
  5 hobgoblins (D:1)
  12 jackals
  10 kobolds
  3 quokkas (D:4)
  3 frilled lizards
  4 rats
87 creatures vanquished.

Vanquished Creatures (others)
  A slave (D:5)
  A jackal (D:5)
2 creatures vanquished.

Grand Total: 89 creatures vanquished

Notes
Turn   | Place    | Note
-------+----------+-------------------------------------------
     0 | D:1      | Amnesiac the Vampire Ice Elementalist began the quest for
                  | the Orb.
     0 | D:1      | Reached XP level 1. HP: 13/13 MP: 3/3
   130 | D:1      | Reached XP level 2. HP: 19/19 MP: 0/5
   492 | D:2      | Reached XP level 3. HP: 24/24 MP: 3/6
   498 | D:2      | Learned a level 3 spell: Frozen Ramparts
   562 | D:2      | Learned a level 3 spell: Ozocubu's Armour
   706 | D:4      | Found a glowing drain.
   714 | D:4      | Reached skill level 5 in Ice Magic
   758 | Sewer    | Entered a sewer
   833 | Sewer    | Noticed a crocodile
   845 | Sewer    | Killed a crocodile
   845 | Sewer    | Reached XP level 4. HP: 30/30 MP: 2/8
   862 | Sewer    | Got a crude robe
   945 | D:4      | Identified the cursed +0 robe of Unambiguity {+Inv rC-
                  | Slay+3} (You found it in a sewer)
   985 | D:4      | Reached skill level 1 in Short Blades
   985 | D:4      | Reached XP level 5. HP: 33/35 MP: 4/9
  1164 | D:4      | Noticed a phantom
  1185 | D:4      | Found a snail-covered altar of Cheibriados.
  1194 | D:4      | Reached skill level 1 in Evocations
  1267 | D:4      | Reached XP level 6. HP: 38/41 MP: 2/10
  1273 | D:4      | Learned a level 4 spell: Summon Ice Beast
  1653 | D:4      | Found a shimmering altar of Xom.
  1654 | D:4      | Found a hazy altar of Hepliaklqana.
  1655 | D:4      | Noticed a spectral ugly thing
  1655 | D:4      | Noticed a tyrant leech
  1719 | D:5      | Entered Level 5 of the Dungeon
  1752 | D:5      | Noticed Pikel
  1752 | D:5      | Noticed a slave
  1752 | D:5      | Noticed a slave
  1752 | D:5      | Noticed a slave
  1753 | D:5      | Noticed a slave
  1759 | D:5      | Killed a slave
  1767 | D:5      | Killed Pikel
  1767 | D:5      | Reached skill level 5 in Evocations
  1767 | D:5      | Reached XP level 7. HP: 43/46 MP: 0/11
  1848 | D:5      | Gained mutation: You expend magic power (3 MP) to
                  | strengthen your wands. [potion of mutation]
  1848 | D:5      | Gained mutation: You are robust. (+10% HP) [potion of
                  | mutation]
  1848 | D:5      | Gained mutation: You are very robust. (+20% HP) [potion of
                  | mutation]
  1848 | D:5      | Gained mutation: You evolve. [potion of mutation]
  1987 | D:5      | Found an opulent altar of Gozag.
  1995 | D:5      | Became a worshipper of Gozag Ym Sagoz the Greedy
  2010 | D:5      | Noticed Ijyb
  2017 | D:5      | Killed Ijyb
  2086 | D:5      | You fall into a shaft and drop 2 floors!
  2098 | D:7      | Reached XP level 8. HP: 14/62 MP: 1/12
  2103 | D:7      | Reached skill level 6 in Ice Magic
  2110 | D:7      | HP: 2/93 [killer bee (5)]
  2110 | D:7      | Slain by a killer bee

Levels and vault maps discovered:
D:1:      onia_arrival_mini_maze_b, layout_loops_corners
D:2:      layout_loops_ring, serial_glass, glass_columns_b, glass_columns_a,
          first_ration, uniq_sigmund, uniq_terence
D:3:      layout_loops_cross, lemuel_doored_altar, lemuel_round_altar,
          moated_statue
D:4:      layout_rooms, regret_index_temple_of_mockery,
          nicolae_overflow_crystal_walls, gup_sewer_entry_pipe
D:5:      layout_basic, lemuel_crystal_altar, uniq_pikel, uniq_ijyb,
          uniq_crazy_yiuf_cottage
D:7:      layout_basic, serial_shops, shop, grunt_livestock

Skill      XL: |  1  2  3  4  5  6  7  8 |
---------------+-------------------------+-----
Ice Magic      | 5 6 |  6.0
Spellcasting   | 3 |  3.1
Short Blades   | 1 2 3 4 |  4.3
Evocations     | 1 5 |  5.7
Stealth        | 4 |  4.2
Dodging        | |  2.1

Action                   |  1- 3 |  4- 6 |  7- 9 || total
-------------------------+-------+-------+-------++-------
Melee: Unarmed           |    12 |       |       ||    12
       Bite              |     1 |     5 |       ||     6
       Rapier            |     8 |    41 |     8 ||    57
 Cast: Freeze            |    49 |    29 |    17 ||    95
       Frozen Ramparts   |     2 |    12 |     2 ||    16
  Use: Scroll            |       |     6 |       ||     6
       Potion            |       |       |     7 ||     7
 Stab: Sleeping          |     3 |     1 |       ||     4
       Distracted        |       |       |     1 ||     1
Armor: Robe              |     8 |    10 |     2 ||    20
       Skin              |       |       |     7 ||     7
Dodge: Dodged            |    33 |    52 |    15 ||   100

Table legend:
 A = Non-vault XP
 B = Vault XP
 C = Vault XP percentage of total XP
 D = Non-vault monster count
 E = Vault monster count
 F = Vault count percentage of total count
                 A         B        C        D         E       F
            +---------+---------+-------+---------+---------+-------
      Total |     754 |     805 |  51.6 |      69 |      15 |  17.9
            +---------+---------+-------+---------+---------+-------
        D:1 |      37 |       0 |   0.0 |      20 |       0 |   0.0
        D:2 |      16 |       0 |   0.0 |       8 |       0 |   0.0
        D:3 |       3 |       0 |   0.0 |       2 |       0 |   0.0
        D:4 |     357 |      17 |   4.5 |      33 |       7 |  17.5
        D:5 |     151 |     677 |  81.8 |       3 |       2 |  40.0
        D:7 |     190 |       0 |   0.0 |       3 |       0 |   0.0
      Sewer |       0 |     111 | 100.0 |       0 |       6 | 100.0
            +---------+---------+-------+---------+---------+-------
